 Dungeon Sprint DCSS version 0.29-a0-1033-gb6c65ffae6 (webtiles) character file.

Game seed: 12927421263247420551

1544 enile the Fighter (level 8, -29/64 HPs)
             Began as an Octopode Fire Elementalist on Aug 15, 2022.
             Was an Initiate of Gozag.
             Annihilated by a +2 glaive of distortion (31 damage)
             ... in the Dungeon (Sprint V: "Ziggurat Sprint").
             The game lasted 00:03:34 (464 turns).

enile the Fighter (Octopode Fire Elementalist)       Turns: 464, Time: 00:03:35

Health: -29/64     AC:  1    Str: 19    XL:     8   Next: 87%
Magic:  13/18      EV: 21    Int: 32    God:    Gozag
Gold:   1017       SH:  0    Dex: 24    Spells: 20/21 levels left

rFire   . . .      SeeInvis +   z - +9 heavy crossbow "Sniper" {vorpal, Acc+∞ SInv}
rCold   . . .      Faith    .   (shield currently unavailable)
rNeg    . . .      Spirit   .   (helmet restricted)
rPois   .          Reflect  .   (no amulet)
rElec   .          Harm     .   p - ring of flight
rCorr   .          Rampage  .   q - +6 ring of dexterity
Will    .....      NoTele   +   r - +6 ring of dexterity
Stlth   ++++......              s - +6 ring of intelligence
HPRegen 0.20/turn               t - +6 ring of intelligence
MPRegen 0.16/turn               u - +6 ring of strength
                                v - +6 ring of strength
                                (no ring)

@: flying
A: almost no armour, amphibious, 8 rings, camouflage 1, gelatinous body 1,
(nimble swimmer 1), tentacles
a: Renounce Religion, Potion Petition, Call Merchant, Bribe Branch


You were in the Dungeon.
You worshipped Gozag.
Gozag was most pleased with you.
You visited 1 branch You collected 1017 gold pieces.

Inventory:

Hand Weapons
 j - a +5 quick blade
 y - the +6 Majin-Bo {vamp, MP+6 Int+6}
   (You found it in the Dungeon)

   It heals its wielder for a portion of the damage dealt when they wound a
   living foe with it or with a spell.
   Its wielder's spells cost health as well as magical power.
   Int:       It affects your intelligence (+6).
   MP:        It affects your magic capacity (+6).
 z - the +9 heavy crossbow "Sniper" (weapon) {vorpal, Acc+∞ SInv}
   (You found it in the Dungeon)

   Any ammunition fired from it inflicts extra damage upon your enemies.
   Any ammunition fired from it never misses its target.
   SInv:      It lets you see invisible.
 A - the +14 obsidian axe {vorpal, Mesm Drain Fly SInv}
   (You found it in the Dungeon)

   It inflicts extra damage upon your enemies.
   It occasionally summons demons to assist the wielder when it strikes in
   combat.
   Its wielder is mesmerised by any visible foes.
   It cannot be unequipped while any foes are visible.
   SInv:      It lets you see invisible.
   Fly:       It grants you flight.
   Drain:     It drains your maximum health when unequipped.
 C - the +7 Singing Sword {vorpal, sonic wave}
   (You found it in the Dungeon)

   It inflicts extra damage upon your enemies.
   It radiates damaging sonic waves as it strikes, especially in combat
   involving dangerous or numerous foes.
 D - the +13 scythe of Curses {drain, Drain}
   (You found it in the Dungeon)

   A truly terrible weapon, it drains the life of any living foe it strikes.
   It inflicts powerful necromantic curses on any living foe it strikes.
   Drain:     It drains your maximum health when unequipped.
 E - the +9 sword of Zonguldrok {reap}
   (You found it in the Dungeon)

   Any living foe damaged by it may be reanimated upon death as a zombie
   friendly to the wielder, with an increasing chance as more damage is dealt.
 G - a +5 triple sword
Armour
 B - the +18 shield of the Gong {rElec rN+ Will+ EV-5}
   (You found it in the Dungeon)

   It is deafeningly noisy when blocking attacks.
   EV:        It affects your evasion (-5).
   rElec:     It insulates you from electricity.
   rN:        It protects you from negative energy.
   Will:      It increases your willpower.
Magical Staves
 H - a staff of conjuration
Jewellery
 p - a ring of flight (left tentacle)
 q - a +6 ring of dexterity (right tentacle)
 r - a +6 ring of dexterity (on tentacle)
 s - a +6 ring of intelligence (on tentacle)
 t - a +6 ring of intelligence (on tentacle)
 u - a +6 ring of strength (on tentacle)
 v - a +6 ring of strength (on tentacle)
 J - an amulet of reflection
 L - a ring of resist corrosion
Wands
 w - a wand of mindburst (7)
 x - a wand of acid (7)
Scrolls
 f - 2 scrolls of blinking
 l - 4 scrolls of amnesia
 m - 6 scrolls of fog
 n - 5 scrolls of identify
 o - 2 scrolls of fear
Potions
 a - 8 potions of magic
 b - 10 potions of curing
 c - 6 potions of heal wounds
 d - 6 potions of haste
 e - 3 potions of berserk rage
 g - 2 potions of brilliance
 h - a potion of invisibility
 i - 4 potions of resistance
 k - 5 potions of might
Miscellaneous
 F - a lightning rod (4/4)
 I - a piece from Xom's chessboard (15/15)
 K - a phial of floods (inert)
 M - a tin of tremorstones (2/2)


   Skills:
 - Level 10.0 Fighting
 - Level 10.0 Dodging
 - Level 4.4 Stealth
 - Level 7.0 Spellcasting
 - Level 2.4 Conjurations
 + Level 9.4 Transmutations
 - Level 3.8 Fire Magic
 - Level 5.5 Evocations


You had 20 spell levels left.
You knew the following spells:

 Your Spells              Type           Power      Damage    Failure   Level
a - Foxfire               Conj/Fire      100%       2x1d9     1%          1

Your spell library contained the following spells:

 Spells                   Type           Power      Damage    Failure   Level
 Scorch                   Fire           70%        2d9       1%          2
 Conjure Flame            Conj/Fire      31%        6-21      3%          3
 Inner Flame              Hex/Fire       23%        N/A       5%          3
 Blink                    Tloc           22%        N/A       6%          2
 Flame Wave               Conj/Fire      31%        2d9       11%         4
 Passage of Golubria      Tloc           11%        N/A       38%         4
 Manifold Assault         Tloc           11%        N/A       75%         5
 Silence                  Hex/Air        5%         N/A       75%         5
 Storm Form               Tmut/Air       20%        N/A       99%         7
 Lehudib's Crystal Spear  Conj/Erth      9%         10d4      100%        8


Dungeon Overview and Level Annotations

Branches:
Dungeon (1/1)

Altars:
Ashenzari
Cheibriados
Dithmenos
Elyvilon
Fedhas
Gozag
Hepliaklqana
Kikubaaqudgha
Makhleb
Nemelex Xobeh
Okawaru
Qazlal
Ru
Sif Muna
Trog
Uskayaw
Vehumet
Wu Jian
Xom
Yredelemnul
Zin
The Shining One
Jiyva
Lugonu

Annotations:
D 1 transporter


Innate Abilities, Weirdness & Mutations

You cannot wear most types of armour.
You are amphibious.
You can wear up to eight rings at the same time.
Your skin changes colour to match your surroundings (Stealth+).
Your rubbery body absorbs attacks. (AC +1, EV +1)
((You are camouflaged when in or above water. (Stealth+)))
You have tentacles for arms and can constrict up to eight enemies at once.


Message History

The bolt hits the deep elf pyromancer!
You kill the deep elf pyromancer!
The deep elf archer is no longer distracted by gold.
The deep elf archer shoots an arrow.
The arrow barely misses you.
Your Transmutations skill gained 4 levels and is now at level 9!
Aim the phial where?
Press: ? - help, Shift-Dir - straight line, f - deep elf archer
Aim: a deep elf archer, wielding a +0 shortbow and wearing a +0 leather armour (repelling missiles, unable to see you)
The torrent of water hits the deep elf archer!!
The deep elf archer is moderately wounded.
The wave splashes down.
The deep elf archer is engulfed in water.
You flicker back into view.
The +2 glaive of distortion hits you from afar!!
Space warps around you.
The deep elf archer shoots an arrow.
The arrow misses you.
Blink to where?
Press: ? - help, Dir - move target, p - deep elf archer
As you read the scroll of blinking, it crumbles to dust.
The deep elf archer shoots an arrow.
The arrow hits you!!
* * * LOW HITPOINT WARNING * * *
Okay, then.
As you read the scroll of fog, it crumbles to dust.
The scroll dissolves into smoke.
You feel much better.
You feel much better.
The +2 glaive of distortion hits you from afar!!
Space warps horribly around you.
Fire: z) +9 heavy crossbow "Sniper" {vorpal, Acc+∞ SInv}
Press: ? - help, Shift-Dir - straight line, f - +2 glaive of distortion
Aim: a +2 glaive of distortion (purple smoke, 100% to hit)
You shoot a bolt.
The bolt hits the +2 glaive of distortion but does no damage.
The +2 glaive of distortion hits you from afar!
* * * LOW HITPOINT WARNING * * *
Space warps horribly around you!
* * * LOW HITPOINT WARNING * * *
The +2 glaive of distortion hits you from afar!!
You die...
Your body crumbles into a pile of gold.

▓..8©8..▓
▓~$[):..▓
▓~~:)}..▓
▓$e~....▓
▓~~$....▓
▓.~(....▓
▓.$..(§§▓
▓....§§§▓
▓...©§§@▓
▓▓▓▓▓▓▓▓▓


You could see a +2 glaive of distortion.

Vanquished Creatures
  2 deep elf pyromancers (D)
  A water elemental (D)
  An air elemental (D)
  2 scorpions (D)
  A crimson imp (D)
  2 quasits (D)
  An iron imp (D)
  2 orc priests (D)
  An orc wizard (D)
  2 adders (D)
  A white imp (D)
  An ufetubus (D)
  An adder skeleton (D)
  3 ball pythons (D)
  A ball python zombie (D)
22 creatures vanquished.

Notes
Turn   | Place    | Note
-------+----------+-------------------------------------------
     0 | D        | enile the Octopode Fire Elementalist began the quest for
                  | the Orb.
     0 | D        | Reached XP level 1. HP: 11/11 MP: 3/3
     0 | D        | Found a shimmering blue altar of Sif Muna.
     0 | D        | Found a sacrificial altar of Ru.
     0 | D        | Found a bloodstained altar of Trog.
     0 | D        | Found a stormy altar of Qazlal.
     0 | D        | Found an iron altar of Okawaru.
     0 | D        | Found a sparkling altar of Nemelex Xobeh.
     0 | D        | Found a blossoming altar of Fedhas.
     0 | D        | Found the +6 Majin-Bo {vamp, MP+6 Int+6}
     0 | D        | Found the +9 heavy crossbow "Sniper" {vorpal, Acc+∞ SInv}
     0 | D        | Found the +10 dark maul {vorpal}
     0 | D        | Found the +15 Maxwell's patent armour {-Cast -Tele rElec
                  | Will+ rCorr}
     0 | D        | Found the +18 shield of the Gong {rElec rN+ Will+ EV-5}
     0 | D        | Found the +14 obsidian axe {vorpal, Mesm Drain Fly SInv}
     0 | D        | Found the +7 great mace "Firestarter" {inner flame, rF++}
     0 | D        | Found the +6 shillelagh "Devastator" {shatter}
     0 | D        | Found the +11 plutonium sword {Contam Stlth-}
     0 | D        | Found the +8 lance "Wyrmbane" {slay drac, rPois rF+ rC+
                  | AC+3}
     0 | D        | Found the +9 sword of Zonguldrok {reap}
     0 | D        | Found the +13 scythe of Curses {drain, Drain}
     0 | D        | Found the +5 sword of Power {vorpal}
     0 | D        | Found the +7 mace of Variability {chain chaos}
     0 | D        | Found the +7 Singing Sword {vorpal, sonic wave}
     0 | D        | Found the +8 storm bow {elec, penet}
     2 | D        | Found a transporter.
     2 | D        | Found an ancient bone altar of Kikubaaqudgha.
     2 | D        | Found a viscous altar of Jiyva.
     2 | D        | Found a corrupted altar of Lugonu.
     2 | D        | Found a hazy altar of Hepliaklqana.
     2 | D        | Found a burning altar of Makhleb.
     2 | D        | Found an opulent altar of Gozag.
    46 | D        | Became a worshipper of Gozag Ym Sagoz the Greedy
    74 | D        | Reached skill level 5 in Fighting
    74 | D        | Reached skill level 5 in Evocations
    74 | D        | Reached XP level 2. HP: 24/24 MP: 5/5
    93 | D        | Entered arena 2.
    93 | D        | Noticed a scorpion
    93 | D        | Noticed a scorpion
    93 | D        | Found a transporter.
    95 | D        | Killed a scorpion
    96 | D        | Reached XP level 3. HP: 26/29 MP: 7/7
    96 | D        | Reached XP level 4. HP: 32/35 MP: 8/8
    96 | D        | Killed a scorpion
    97 | D        | Reached XP level 5. HP: 34/43 MP: 9/9
   217 | D        | Entered arena 3.
   217 | D        | Found a transporter.
   267 | D        | Entered arena 4.
   267 | D        | Found a transporter.
   269 | D        | Reached skill level 10 in Fighting
   269 | D        | Reached XP level 6. HP: 44/54 MP: 10/10
   272 | D        | Reached skill level 5 in Dodging
   382 | D        | Entered arena 5.
   382 | D        | Found the +9 staff of Olgreb {rPois∞}
   382 | D        | Found a transporter.
   399 | D        | Entered arena 6.
   399 | D        | Found a transporter.
   443 | D        | Entered arena 7.
   443 | D        | Noticed a +2 glaive of distortion
   443 | D        | Noticed a deep elf pyromancer
   443 | D        | Noticed a deep elf pyromancer
   443 | D        | Noticed a deep elf archer
   443 | D        | Noticed an air elemental
   443 | D        | Noticed a water elemental
   445 | D        | Killed an air elemental
   446 | D        | Reached XP level 7. HP: 34/59 MP: 11/11
   452 | D        | Found a transporter.
   454 | D        | Killed a deep elf pyromancer
   455 | D        | Reached skill level 10 in Dodging
   455 | D        | Reached XP level 8. HP: 54/64 MP: 11/18
   456 | D        | Killed a water elemental
   457 | D        | Reached skill level 5 in Transmutations
   458 | D        | Killed a deep elf pyromancer
   464 | D        | HP: 2/64 [+2 glaive of distortion (15)]
   464 | D        | Annihilated by a +2 glaive of distortion

Illustrated notes

Levels and vault maps discovered:
D:        sprint_v [room_start, room_1, room_2, room_3, room_4, room_5, room_6,
          room_7, room_8, room_9, room_10, room_11, room_12, room_13, room_14,
          room_15, room_16, room_17, room_18, room_19, room_20, room_21,
          room_22, room_23, room_24, room_25, room_26, room_27]

Skill      XL: |  1  2  3  4  5  6  7  8 |
---------------+-------------------------+-----
Fighting       | 5 7 10 | 10.0
Evocations     | 5 |  5.5
Dodging        | 3 9 10 | 10.0
Stealth        | 4 |  4.4
Conjurations   | 2 |  2.4
Spellcasting   | 7 |  7.0
Transmutations | 3 9 |  9.4
Fire Magic     | |  3.8

Action                   |  1- 3 |  4- 6 |  7- 9 || total
-------------------------+-------+-------+-------++-------
 Fire: Heavy crossbow    |     2 |    16 |     7 ||    25
Evoke: Lightning rod     |       |     4 |       ||     4
       Phial of floods   |       |     1 |     1 ||     2
       Tin of tremorston |       |     1 |       ||     1
  Use: Potion            |     1 |       |     5 ||     6
       Scroll            |       |       |     3 ||     3
Dodge: Dodged            |     6 |    15 |    12 ||    33

Table legend: (Time is in decaauts)
 A = Elapsed time spent in this place.
 B = Non-inter-level travel time spent in this place.
 C = Inter-level travel time spent in this place.
 D = Time resting spent in this place.
 E = Time spent auto-exploring this place.
 F = Levels seen in this place.
 G = Mean time per level.
                   A        B        C        D        E       F      G
               +--------+--------+--------+--------+--------+-----+--------+
         Total |    500 |    500 |      0 |      0 |    308 |   1 |  500.0 |
       Dungeon |    500 |    500 |      0 |      0 |    308 |   1 |  500.0 |
               +--------+--------+--------+--------+--------+-----+--------+

Top non-repeatable levels by time:
       D: 500 daAuts
